 Dungeon Crawl Stone Soup version 0.31-a0-152-g6aa68a64a1 (webtiles) character file.

Game seed: 15860661561945981471

72 qw the Shooter (level 4, -6/38 HPs)
             Began as a Minotaur Hunter on June 10, 2023.
             Mangled by a gnoll
             ... wielding a +0 whip
              (7 damage)
             ... on level 2 of the Dungeon.
             The game lasted 00:00:21 (988 turns).

qw the Shooter (Minotaur Hunter)                     Turns: 988, Time: 00:00:21

Health: -6/38      AC:  3    Str: 16    XL:     4   Next: 7%
Magic:  3/3        EV: 12    Int:  6    God:
Gold:   55         SH:  0    Dex: 15    Spells: 3/3 levels left

rFire   . . .        Y - +0 shortbow
rCold   . . .        (shield currently unavailable)
rNeg    . . .        c - +0 leather armour
rPois   .            (helmet restricted)
rElec   .            (no cloak)
rCorr   .            (no gloves)
SInv    .            (no boots)
Will    .....        g - amulet of faith
Stlth   +            (no ring)
HPRegen 0.26/turn    (no ring)
MPRegen 0.08/turn

%: faith
@: no status effects
A: horns 2, retaliatory headbutt
a: no special abilities


You were on level 2 of the Dungeon.
You visited 1 branch of the dungeon, and saw 2 of its levels.

You collected 55 gold pieces.


Innate Abilities, Weirdness & Mutations

You have a pair of horns on your head.
You reflexively headbutt those who attack you in melee.


   Skills:
 + Level 3.0 Fighting
 - Level 6.0 Ranged Weapons
 - Level 2.1 Dodging
 - Level 0.7 Stealth


You had 3 spell levels left.
You didn't know any spells.
Your spell library was empty.

Inventory:

Hand Weapons
 Y - a +0 shortbow (weapon)
Armour
 a - the +1 cloak "Hyciden" {Harm Drain rN+++ Int-4}
   (You acquired it on level 1 of the Dungeon)

   Int:       It affects your intelligence (-4).
   rN:        It renders you almost immune to negative energy.
   Drain:     It drains your maximum health when unequipped.
   Harm:      It increases damage dealt and taken.
 c - a +0 leather armour (worn)
Jewellery
 g - an amulet of faith (around neck)
Potions
 b - a potion of heal wounds {unknown}
 d - a potion of berserk rage {unknown}
 f - a potion of haste
 i - a potion of attraction {unknown}

Dungeon Overview and Level Annotations

Branches:
Dungeon (2/15)

Altars:


Message History

The gnoll is heavily wounded.
The bat hits you but does no damage. The gnoll hits you with a +0 whip.
You shoot an arrow. The arrow hits the gnoll!
You kill the gnoll!
The bat barely misses you. The adder bites you.
You are poisoned.
The adder poisons you!
You shoot an arrow. The arrow hits the gnoll!
The gnoll is heavily wounded.
You feel sick. The bat closely misses you. You furiously retaliate!
You headbutt the bat.
You kill the bat!
The adder bites you. The gnoll hits you with a +0 whip.
The adder closely misses you.
A dart slug comes into view.
You shoot an arrow.
The arrow hits the gnoll but does no damage.
The gnoll is heavily wounded.
You feel sick. The adder bites you. The gnoll closely misses you.
You shoot an arrow. The arrow barely misses the gnoll.
You feel sick. The adder barely misses you. You furiously retaliate!
You headbutt the adder!
The dart slug briefly extends its eye-stalks.
The gnoll hits you with a +0 whip. The adder closely misses you.
You shoot an arrow. The arrow hits the adder.
You kill the adder!
You feel sick.
You are no longer poisoned.
The gnoll closely misses you.
Your Ranged Weapons skill increases to level 6!
You have reached level 4!
You feel stronger.
You shoot an arrow. The arrow closely misses the gnoll.
The gnoll hits you with a +0 whip.
You shoot an arrow. The arrow barely misses the gnoll.
The gnoll hits you with a +0 whip!
You shoot an arrow. The arrow closely misses the gnoll.
The arrow hits the dart slug!
The dart slug is almost dead.
The gnoll misses you. The gnoll hits you with a +0 whip!
You die...

##.....##.....##
##..............##
#................#
#................#
#.......<........#
#................##
..........%.).....#
......%...........#
#.....@..........#
#.....g.##......%.#
....)..###........#
....w.. #.....%...#
...)...
#...........
.......
#........##.
....... #........#
....... #.........


You could see a gnoll and a dart slug.

Vanquished Creatures
  2 gnolls (D:2)
  2 adders (D:2)
  A worm (D:2)
  A ball python (D:1)
  An endoplasm (D:1)
  8 giant cockroaches
  2 goblins (D:1)
  4 jackals (D:1)
  2 quokkas (D:1)
  2 bats
  2 kobolds
  2 rats (D:2)
29 creatures vanquished.

Notes
Turn   | Place    | Note
-------+----------+-------------------------------------------
     0 | D:1      | qw the Minotaur Hunter began the quest for the Orb.
     0 | D:1      | Reached XP level 1. HP: 18/18 MP: 0/0
     0 | D:1      | 0 ||| qw: Version: 0.2-a-122-gbc61b45
     0 | D:1      | 0 ||| qw: Game counter: 3571
     0 | D:1      | 0 ||| qw: Always use a shield: true
     0 | D:1      | 0 ||| qw: God list: Okawaru
     0 | D:1      | 0 ||| qw: Allow faded altars: false
     0 | D:1      | 0 ||| qw: Do Orc after D:15 true
     0 | D:1      | 0 ||| qw: Do second Lair branch before Depths: true
     0 | D:1      | 0 ||| qw: Lair rune preference: random
     0 | D:1      | 0 ||| qw: Plans: Normal
     0 | D:1      | 0 ||| PLANNING D:1-11
    86 | D:1      | Reached XP level 2. HP: 23/25 MP: 1/1
    88 | D:1      | Reached skill level 5 in Ranged Weapons
   453 | D:1      | Reached skill level 3 in Fighting
   675 | D:1      | 675 ||| UPGRADING to amulet of faith.
   680 | D:1      | 680 ||| READING scroll labelled FOYNLU GIBUNOU.
   680 | D:1      | Identified a scroll of acquirement
   680 | D:1      | 680 ||| ACQUIRING +1 cloak "Hyciden" {Harm Drain rN+++
                  | Int-4}
   680 | D:1      | Acquired the +1 cloak "Hyciden" {Harm Drain rN+++ Int-4}
   682 | D:1      | 682 ||| READING scroll labelled ZEIKHL ZUMUK.
   683 | D:1      | 683 ||| READING scroll labelled ORISOP PAZOS.
   784 | D:1      | 784 ||| DRINKING 2 sedimented black potions.
   785 | D:1      | 785 ||| DROPPING scroll of butterflies.
   874 | D:2      | Reached XP level 3. HP: 11/31 MP: 2/2
   986 | D:2      | Reached skill level 6 in Ranged Weapons
   986 | D:2      | Reached XP level 4. HP: 13/38 MP: 3/3
   986 | D:2      | HP: 8/38 [gnoll/+0 whip (5)]
   987 | D:2      | HP: 1/38 [gnoll/+0 whip (8)]
   988 | D:2      | Mangled by a gnoll

Levels and vault maps discovered:
D:1:      dpeg_arrival_orchard, layout_loops_ring, minmay_worlds_worst_comb
D:2:      layout_rooms, st_stairs_7, minmay_pentomino_t2

Skill      XL: |  1  2  3 |
---------------+----------+-----
Ranged Weapons | 5 6 |  6.0
Fighting       | 3 |  3.0
Dodging        | |  2.1
Stealth        | |  0.7

Action                     |  1- 3 |  4- 6 || total
---------------------------+-------+-------++-------
   Fire: Shortbow          |    92 |     3 ||    95
    Use: Scroll            |     3 |       ||     3
         Potion            |     1 |       ||     1
 Armour: Leather armour    |    13 |       ||    13
  Dodge: Dodged            |    31 |     1 ||    32

Table legend:
 A = Non-vault XP
 B = Vault XP
 C = Vault XP percentage of total XP
 D = Non-vault monster count
 E = Vault monster count
 F = Vault count percentage of total count
                 A         B        C        D         E       F
            +---------+---------+-------+---------+---------+-------
      Total |      92 |      12 |  11.5 |      23 |       6 |  20.7
            +---------+---------+-------+---------+---------+-------
        D:1 |      26 |      10 |  27.8 |      14 |       5 |  26.3
        D:2 |      66 |       2 |   2.9 |       9 |       1 |  10.0
            +---------+---------+-------+---------+---------+-------
